 Dungeon Crawl Stone Soup version 0.28-a0-695-gff097466f2 (webtiles) character file.

Game seed: 2430764440962877116

21 Erath the Insei (level 2, -1/21 HPs)
             Began as a Demonspawn Transmuter on Oct 22, 2021.
             Killed from afar by a white imp (6 damage)
             ... with a puff of frost
             ... summoned by Natasha
             ... on level 2 of the Dungeon.
             The game lasted 00:01:19 (1215 turns).

Erath the Insei (Demonspawn Transmuter)             Turns: 1215, Time: 00:01:19

Health: -1/21      AC:  2    Str: 10    XL:     2   Next: 62%
Magic:  0/5        EV: 12    Int: 14    God:
Gold:   51         SH:  0    Dex: 13    Spells: 2/5 levels left

rFire   + . .      SeeInvis .     - Unarmed
rCold   + . .      Faith    .   (no shield)
rNeg    . . .      Spirit   .   a - +0 robe
rPois   +          Reflect  .   (helmet currently unavailable)
rElec   +          Harm     .   (no cloak)
rCorr   +          Rampage  .   (no gloves)
Will    +....                   (boots currently unavailable)
Stlth   +.........              (no amulet)
HPRegen 0.07/turn               (no ring)
MPRegen 0.09/turn               (no ring)

@: appendages (expiring), resistant, wereblooded, attractive, slowed, very slow
A: horns 2, talons 2, hooves 1, strong-willed 1
a: End Transformation


You were on level 2 of the Dungeon.
You had temporarily grown beastly horns and talons.
You visited 1 branch of the dungeon, and saw 2 of its levels.

You collected 51 gold pieces.

Inventory:

Armour
 a - a +0 robe (worn)
Jewellery
 h - a ring of ice
Scrolls
 c - a scroll of amnesia {unknown}
 d - a scroll of brand weapon {unknown}
 g - a scroll of magic mapping {unknown}
 i - a scroll of teleportation {unknown}


   Skills:
 + Level 1.0 Fighting
 + Level 2.0 Dodging
 + Level 0.1 Stealth
 + Level 3.1 Unarmed Combat
 + Level 2.2 Spellcasting
 + Level 2.0 Transmutations


You had 2 spell levels left.
You knew the following spells:

 Your Spells              Type           Power      Damage    Failure   Level
a - Beastly Appendage     Tmut           14%        N/A       10%         1
b - Wereblood             Tmut           7%         N/A       16%         2

Your spell library contained the following spells:

 Spells                   Type           Power      Damage    Failure   Level
 Spider Form              Tmut/Pois      2%         N/A       43%         3
 Ice Form                 Ice/Tmut       4%         N/A       83%         4


Dungeon Overview and Level Annotations

Branches:
Dungeon (2/15)

Altars:

Annotations:
D:2 Natasha, Sigmund


Innate Abilities, Weirdness & Mutations

You have temporarily grown beastly horns and talons.
You have large cloven feet.
You are strong-willed. (Will+)


Message History

Natasha, Servant of Life and Death comes into view.
Natasha hisses angrily.
Natasha casts a spell.
The white imp gestures at you. The puff of frost hits you!
You see here 11 gold pieces.
Casting: Beastly Appendage (safe; 10% risk of failure)
Confirm with . or Enter, or press ? or * to list all spells.
You grow a pair of large bovine horns.
Your feet morph into talons.
Natasha hisses.
Natasha casts a spell at you.
You feel yourself slow down.
Casting: Beastly Appendage (safe; 10% risk of failure)
Confirm with . or Enter, or press ? or * to list all spells.
You miscast Wereblood.
You are very lightly contaminated with residual magic.
Nothing appears to happen.
Casting: Wereblood (safe; 16% risk of failure)
Confirm with . or Enter, or press ? or * to list all spells.
Your blood is infused with primal strength.
Natasha stares at you and mumbles some strange words.
The magic dart hits you.
* * * LOW HITPOINT WARNING * * *
It was a potion of resistance.
You feel protected.
Your transformation is almost over.
Natasha completely misses you.
It was a potion of mutation.
You feel extremely strange.
You feel strong-willed. Natasha casts a spell at you.
You resist with almost no effort.
It was a potion of attraction.
You feel attractive to monsters. The white imp gestures at you.
The puff of frost misses you. Natasha misses you.
The white imp barely misses you. Natasha barely misses you.
Your magical contamination has completely faded away.
You completely miss Natasha. The white imp gestures at you.
The puff of frost hits you. You resist.
You die...

.. #. #. #.########
#........# #........#
#........# .#..@.....#
......h5.....#######
...................####
.......................
.....................#
......######.........#
...... #.......###.
...... #...........
#...........


You could see Natasha and a white imp (summoned).

Vanquished Creatures
  4 endoplasms (D:1)
  A giant cockroach (D:1)
  A goblin (D:1)
  3 hobgoblins (D:1)
  2 quokkas (D:1)
  2 bats (D:1)
  3 frilled lizards
  3 rats (D:1)
19 creatures vanquished.

Notes
Turn   | Place    | Note
-------+----------+-------------------------------------------
     0 | D:1      | Erath the Demonspawn Transmuter began the quest for the
                  | Orb.
     0 | D:1      | Reached XP level 1. HP: 15/15 MP: 3/3
   174 | D:1      | Reached skill level 3 in Unarmed Combat
   178 | D:1      | Lost mutation: You have razor-sharp toenails. [demonic
                  | ancestry]
   178 | D:1      | Lost mutation: You have sharp toenails. [demonic ancestry]
   178 | D:1      | Gained mutation: You have large cloven feet. [demonic
                  | ancestry]
   178 | D:1      | Reached XP level 2. HP: 13/21 MP: 3/5
   181 | D:1      | Learned a level 2 spell: Wereblood
   729 | D:1      | Found a faded altar of an unknown god.
  1140 | D:2      | Noticed Sigmund
  1207 | D:2      | Noticed Natasha
  1213 | D:2      | Gained mutation: You are strong-willed. (Will+) [potion of
                  | mutation]
  1215 | D:2      | Killed from afar by a white imp

Illustrated notes

Levels and vault maps discovered:
D:1:      ncdulo_halloftheorcs, layout_basic, shapermc_ecumenical_altar_gd
D:2:      layout_basic, uniq_natasha, uniq_sigmund

Skill      XL: |  1  2 |
---------------+-------+-----
Unarmed Combat | 3 |  3.1
Dodging        | 2 |  2.0
Transmutations | 2 |  2.0
Fighting       | |  1.0
Stealth        | |  0.1
Spellcasting   | |  2.2

Action                   || total
-------------------------++-------
Melee: Unarmed           ||    38
       Headbutt          ||     8
       Kick              ||     8
 Cast: Beastly Appendage ||    15
       Wereblood         ||     1
  Use: Potion            ||     3
 Stab: Sleeping          ||     1
Armor: Robe              ||     3
Dodge: Dodged            ||    24

Table legend: (Time is in decaauts)
 A = Elapsed time spent in this place.
 B = Non-inter-level travel time spent in this place.
 C = Inter-level travel time spent in this place.
 D = Time resting spent in this place.
 E = Time spent auto-exploring this place.
 F = Levels seen in this place.
 G = Mean time per level.
                   A        B        C        D        E       F      G
               +--------+--------+--------+--------+--------+-----+--------+
         Total |   1216 |   1158 |     58 |      0 |    976 |   2 |  608.0 |
       Dungeon |   1216 |   1158 |     58 |      0 |    976 |   2 |  608.0 |
               +--------+--------+--------+--------+--------+-----+--------+

Top non-repeatable levels by time:
     D:1: 1175 daAuts
     D:2: 41 daAuts
